 Dungeon Crawl Stone Soup version 0.21.0-3-g78d12a8 (webtiles) character file.

1670 Gorglomux the Skirmisher (level 9, -6/72 HPs)
             Began as a Formicid Gladiator on Jan 10, 2018.
             Mangled by a hornet (9 damage)
             ... on level 9 of the Dungeon.
             The game lasted 00:09:12 (4693 turns).

Gorglomux the Skirmisher (Formicid Gladiator)       Turns: 4693, Time: 00:09:14

Health: -6/72      AC: 21    Str: 22    XL:     9   Next: 21%
Magic:  9/9        EV:  4    Int:  8    God:
Gold:   228        SH:  4    Dex: 12    Spells: 8/8 levels left

rFire    . . .     SeeInvis +   D - +3 hand axe
rCold    . . .     Gourm    .   (no shield)
rNeg     . . .     Faith    .   M - +0 crystal plate armour (curse)
rPois    +         Spirit   .   (helmet unavailable)
rElec    .         Reflect  +   R - +2 cloak {MR+}
rCorr    .         Harm     .   (no gloves)
MR       +....                  (no boots)
Stlth    ..........             V - +4 amulet of reflection
HPRegen  0.22/turn              I - ring of wizardry
MPRegen  0.11/turn              o - ring of poison resistance

@: lethally poisoned (-6 -> -9), very slightly contaminated, invisible
A: permanent stasis, dig shafts and tunnels, four strong arms, antennae 3
a: Dig, Shaft Self


You were on level 9 of the Dungeon.
You were near starving.

You visited 1 branch of the dungeon, and saw 8 of its levels.

You collected 228 gold pieces.

Inventory:

Hand Weapons
 a - a +0 war axe
 D - a +3 hand axe (weapon)
Missiles
 Z - 3 throwing nets (quivered)
Armour
 M - a cursed +0 crystal plate armour (worn)
 R - a +2 cloak of magic resistance (worn)
Jewellery
 o - a ring of poison resistance (right hand)
 I - a ring of wizardry (left hand)
 K - a +2 ring of protection
 V - a +4 amulet of reflection (around neck)
Wands
 B - a wand of disintegration (17)
 S - a wand of scattershot (5)
Scrolls
 A - a scroll of fog {unknown}
 C - a scroll of noise {unknown}
 E - a scroll of immolation {unknown}
 H - a scroll of torment {unknown}
 J - 2 scrolls of amnesia {unknown}
 L - a scroll of fear {unknown}
 O - a scroll of magic mapping {unknown}
 T - 2 scrolls of enchant armour {unknown}
 U - 6 scrolls of identify {unknown}
 W - a scroll of enchant weapon {unknown}
 X - 2 scrolls of remove curse {unknown}
 Y - 6 scrolls of teleportation {unknown}
Potions
 z - a potion of lignification {unknown}
 F - a potion of berserk rage {unknown}
 G - a potion of magic
 N - 2 potions of heal wounds {unknown}
 P - a potion of mutation {unknown}
 Q - 2 potions of curing
Comestibles
 d - 11 rations


   Skills:
 + Level 7.3 Fighting
 + Level 7.1 Axes
 - Level 2.0 Throwing
 + Level 6.9 Armour
 - Level 2.6 Dodging


You had 8 spell levels left.
You didn't know any spells.

Dungeon Overview and Level Annotations

Branches:
Dungeon (10/15)              Lair (0/6) D:9
 Temple: D:4-7          Orc: D:9-12

Altars:
Cheibriados
Nemelex Xobeh
Uskayaw
Vehumet

Annotations:
D:4 kegs's ghost, novice HOFi


Innate Abilities, Weirdness & Mutations

You cannot be hasted, slowed, berserked, paralysed or teleported.
You can dig through walls and to a lower floor.
Your four strong arms can wield two-handed weapons with a shield.
You have a pair of large antennae on your head. (SInv)


Message History

You barely miss the hornet!
The hornet is moderately wounded!
You feel sick! The hornet stings you! * * * don't die
* * * You closely miss the hornet!
The hornet is moderately wounded!
Butt feel sick!
The hornet closely misses you!
Butt command!
Unknown butt!
You barely miss the hornet!
The hornet is moderately wounded!
The hornet stings you! * * * don't die
* * * The hornet stings you!!! * * * don't die
* * * You closely miss the hornet!
The hornet is moderately wounded! * * * don't die
* * * Butt feel sick!
The butt stings you!!! rip

.## #.. #.# #.# #
###.# .#. #@#.#
#... ##yZ# .....
##T#####.#...
.####.>.........
#.......(........
..#######........
#))......
#........
#........


You could see a troll, a hornet and an adder zombie (wandering).

Vanquished Creatures
  Sigmund (D:2)
  Eustachio (D:3)
  An orc warrior (D:10)
  An ice beast (D:5)
  2 ogres
  A wolf (D:9)
  2 centaurs
  The ghost of rabbitfr the Shield-Bearer, an amateur OpFi of Hepliaklqana (D:3)
  A bullfrog (D:8)
  A scorpion (D:4)
  A quasit (D:10)
  2 hounds
  2 orc priests
  3 orc wizards
  6 worker ants
  A hound zombie (D:10)
  A hound skeleton (D:9)
  A gnoll (D:4)
  8 adders
  A shadow imp (D:8)
  3 adder skeletons
  2 worms
  A leopard gecko (D:8)
  20 orcs
  3 ball pythons
  4 giant cockroaches
  5 goblins
  5 hobgoblins
  13 jackals
  2 quokkas
  13 bats
  2 frilled lizards (D:1)
  5 kobolds
  A leopard gecko skeleton (D:4)
  7 rats
124 creatures vanquished.

Vanquished Creatures (others)
  2 fungi (D:9)
  4 plants (D:9)
6 creatures vanquished.

Grand Total: 130 creatures vanquished

Notes
Turn   | Place    | Note
-------+----------+-------------------------------------------
     0 | D:1      | Gorglomux the Formicid Gladiator began the quest for the Orb.
     0 | D:1      | Reached XP level 1. HP: 16/16 MP: 1/1
   384 | D:1      | Reached XP level 2. HP: 20/23 MP: 2/2
   434 | D:1      | Reached skill level 1 in Armour
   687 | D:2      | Reached XP level 3. HP: 20/28 MP: 3/3
   832 | D:2      | Reached skill level 3 in Fighting
   902 | D:2      | Reached XP level 4. HP: 33/35 MP: 4/4
  1414 | D:2      | Noticed Sigmund
  1442 | D:2      | Killed Sigmund
  1442 | D:2      | Reached skill level 3 in Armour
  1442 | D:2      | Reached XP level 5. HP: 15/42 MP: 5/5
  1442 | D:2      | Reached XP level 6. HP: 17/48 MP: 6/6
  1781 | D:3      | Noticed rabbitfr's ghost (amateur OpFi)
  2019 | D:3      | Killed rabbitfr's ghost
  2203 | D:3      | Reached XP level 7. HP: 55/55 MP: 7/7
  2273 | D:3      | Found a snail-covered altar of Cheibriados.
  2274 | D:3      | Found a sparkling altar of Nemelex Xobeh.
  2295 | D:3      | Found a radiant altar of Vehumet.
  2704 | D:3      | HP: 1/56 [ogre/giant club (5)]
  3238 | D:4      | Noticed Eustachio
  3244 | D:4      | Noticed kegs's ghost (novice HOFi)
  3297 | D:3      | Killed Eustachio
  3297 | D:3      | Reached XP level 8. HP: 21/64 MP: 8/8
  3738 | D:5      | Entered Level 5 of the Dungeon
  3790 | D:5      | Reached skill level 6 in Fighting
  3790 | D:5      | Reached skill level 6 in Axes
  3918 | D:5      | You fall through a shaft for 3 floors!
  3918 | D:8      | Noticed a hand axe
  3918 | D:8      | Noticed a hand axe
  3919 | D:8      | Found a hide-covered altar of Uskayaw.
  3964 | D:8      | Reached skill level 6 in Armour
  4001 | D:8      | You fall through a shaft!
  4001 | D:9      | Found a staircase to the Lair.
  4001 | D:9      | Noticed a basilisk
  4001 | D:9      | Noticed a basilisk
  4004 | D:9      | You fall through a shaft!
  4004 | D:10     | Entered Level 10 of the Dungeon
  4623 | D:10     | Reached XP level 9. HP: 63/71 MP: 9/9
  4647 | D:9      | Noticed a hornet
  4670 | D:9      | Noticed a troll
  4692 | D:9      | HP: 3/72 [hornet (7)]
  4693 | D:9      | Mangled by a hornet

Skill      XL: |  1  2  3  4  5  6  7  8  9 |
---------------+----------------------------+-----
Armour         | 1 3 5 6 |  6.9
Fighting       | 3 4 5 6 7 |  7.3
Axes           | 4 5 6 7 |  7.1
Throwing       | |  2.0
Dodging        | |  2.6

Action                   |  1- 3 |  4- 6 |  7- 9 || total
-------------------------+-------+-------+-------++-------
Melee: War axe           |    94 |   130 |    93 ||   317
       Hand axe          |       |       |   238 ||   238
Throw: Throwing net      |       |       |     1 ||     1
 Abil: Dig               |       |     1 |     7 ||     8
       Shaft Self        |       |       |     1 ||     1
Evoke: Wand              |       |       |     2 ||     2
  Use: Potion            |       |     6 |     1 ||     7
 Stab: Invisible         |       |     1 |     2 ||     3
       Sleeping          |       |     1 |       ||     1
  Eat: Chunk             |       |     5 |     8 ||    13
Armor: Leather armour    |    37 |    26 |       ||    63
       Crystal plate arm |       |    37 |   322 ||   359
Dodge: Dodged            |    74 |    57 |    76 ||   207
Block: Other             |    26 |    30 |    75 ||   131
       Reflection        |       |     2 |     2 ||     4
